 Dungeon Crawl Stone Soup version 0.26-a0-30-g56b8cd3df0 (webtiles) character file.

Game seed: 8286194098439067266, levelgen mode: deterministic

168 MisterFreud the Slasher (level 5, -1/37 HPs)
             Began as an Octopode Fighter on June 2, 2020.
             Shot with a stone by a goblin (5 damage)
             ... on level 3 of the Dungeon.
             The game lasted 00:02:31 (2700 turns).

MisterFreud the Slasher (Octopode Fighter)          Turns: 2700, Time: 00:02:32

Health: -1/37      AC:  1    Str: 16    XL:     5   Next: 49%
Magic:  5/5        EV: 11    Int: 11    God:
Gold:   90         SH:  8    Dex: 11    Spells: 4/4 levels left

rFire    . . .     SeeInvis .   a - +1 long sword
rCold    . . .     Gourm    .   b - +0 kite shield
rNeg     . . .     Faith    .   (helmet restricted)
rPois    .         Spirit   .   (no amulet)
rElec    .         Reflect  .   (no ring)
rCorr    .         Harm     .   (no ring)
MR       .....                  (no ring)
Stlth    ++........             (no ring)
HPRegen  0.12/turn              (no ring)
MPRegen  0.09/turn              (no ring)
                                (no ring)
                                (no ring)

@: lethally poisoned (-1 -> -6)
A: almost no armour, stealthy swim, amphibious, 8 rings, constrict 8, camouflage
1, gelatinous body 1
a: no special abilities


You were on level 3 of the Dungeon.
You were hungry.

You visited 1 branch of the dungeon, and saw 3 of its levels.

You collected 90 gold pieces.

Inventory:

Hand Weapons
 a - a +1 long sword (weapon)
Armour
 b - a +0 kite shield (worn)
Scrolls
 e - 4 scrolls of enchant weapon
 f - a scroll of fear
 h - 2 scrolls of teleportation
 i - 2 scrolls of remove curse {unknown}
 q - a scroll of magic mapping {unknown}
Potions
 c - a potion of might
 j - 2 potions of ambrosia
 k - a potion of brilliance {unknown}
 l - a potion of curing {unknown}
 m - a potion of heal wounds {unknown}
 o - a potion of magic
 p - a potion of degeneration {unknown}
Comestibles
 d - 3 rations


   Skills:
 - Level 4.0 Fighting
 + Level 4.8 Long Blades
 - Level 3.0 Dodging
 - Level 3.0 Shields


You had 4 spell levels left.
You didn't know any spells.
Your spell library was empty.

Dungeon Overview and Level Annotations

Branches:
Dungeon (3/15)

Altars:

Annotations:
D:3 1 runed translucent door


Innate Abilities, Weirdness & Mutations

You cannot wear most types of armour.
You are very stealthy in the water. (Stealth+)
You are amphibious.
You can wear up to eight rings at the same time.
You can use your tentacles to constrict eight enemies at once.
Your skin changes colour to match your surroundings (Stealth+).
Your rubbery body absorbs attacks. (AC +1, EV +1)


Message History

You feel sick.
You see here a scroll of identify.
A goblin comes into view. It is wielding a +0 club.
* * * LOW HITPOINT WARNING * * *
You feel sick.
The goblin shouts!
You hear a shout!
The goblin unwields a +0 club.
The goblin wields a +0 hunting sling.
The goblin shoots a stone.
You block the stone.
A worm comes into view.
You see here a stone.
The goblin shoots a stone.
The stone hits you.
* * * LOW HITPOINT WARNING * * *
There is a stone staircase leading up here.
You see here a stone.
* * * LOW HITPOINT WARNING * * *
You feel sick. The goblin closely misses you.
You riposte.
You slash the goblin!
You kill the goblin!
The goblin shoots a stone.
The stone hits you.
You die...

#o##.#.### #.#......#
#s#...... #.#..#.# #
#......#... #
###........ ###.
#s.###### ..g..####
#..######. ....w..@#
#.o....... ###..##o#
##.####### # #?# #.#
#s# ##o# . # #.# ##..#
.g..#.##.######...####
..........$.s........+
......#######.....####
#..## #.##.##


You could see a worm, an orc, a giant cockroach and a goblin.

Vanquished Creatures
  A wyvern skeleton (D:3)
  6 adders (D:2)
  An ooze (D:1)
  A worm (D:2)
  4 dart slugs (D:2)
  2 leopard geckos
  An orc (D:3)
  5 bats
  3 goblins
  7 hobgoblins
  3 jackals (D:2)
  2 quokkas (D:2)
  5 frilled lizards
  3 kobolds
  4 rats
48 creatures vanquished.

Notes
Turn   | Place    | Note
-------+----------+-------------------------------------------
     0 | D:1      | MisterFreud the Octopode Fighter began the quest for the
                  | Orb.
     0 | D:1      | Reached XP level 1. HP: 16/16 MP: 1/1
   462 | D:1      | Reached XP level 2. HP: 20/21 MP: 2/2
  1233 | D:2      | Reached XP level 3. HP: 16/27 MP: 3/3
  1702 | D:2      | Reached XP level 4. HP: 31/33 MP: 4/4
  2501 | D:3      | Found a runed translucent gate.
  2503 | D:3      | Reached XP level 5. HP: 24/37 MP: 5/5
  2509 | D:3      | HP: 1/37 [wyvern skeleton (8)]
  2700 | D:3      | Shot with a stone by a goblin

Illustrated notes

Levels and vault maps discovered:
D:1:      moated_graveyard_arrival, layout_basic
D:2:      layout_loops_corners
D:3:      layout_loops_corners, first_ration, ebering_ghost_gozag,
          minmay_misc_feat_five, minivault_26

Skill      XL: |  1  2  3  4 |
---------------+-------------+-----
Fighting       | 4 |  4.0
Long Blades    | 3 4 |  4.8
Dodging        | |  3.0
Shields        | |  3.0

Action                   |  1- 3 |  4- 6 || total
-------------------------+-------+-------++-------
Melee: Long sword        |    52 |    51 ||   103
       Constrict         |    15 |    12 ||    27
       Tentacles         |     6 |     8 ||    14
  Use: Scroll            |       |     5 ||     5
 Stab: Sleeping          |     4 |     2 ||     6
  Eat: Chunk             |     2 |     3 ||     5
Armor: Skin              |     5 |     4 ||     9
Dodge: Dodged            |    17 |    26 ||    43
Block: Kite shield       |    20 |    23 ||    43
       Rpst.: Long sword |     4 |     5 ||     9

Table legend:
 A = Non-vault XP
 B = Vault XP
 C = Vault XP percentage of total XP
 D = Non-vault monster count
 E = Vault monster count
 F = Vault count percentage of total count
                 A         B        C        D         E       F
            +---------+---------+-------+---------+---------+-------
      Total |     241 |       0 |   0.0 |      48 |       0 |   0.0
            +---------+---------+-------+---------+---------+-------
        D:1 |      28 |       0 |   0.0 |      15 |       0 |   0.0
        D:2 |     136 |       0 |   0.0 |      30 |       0 |   0.0
        D:3 |      77 |       0 |   0.0 |       3 |       0 |   0.0
            +---------+---------+-------+---------+---------+-------
